 Dungeon Crawl Stone Soup version 0.22.0 (webtiles) character file.

197035 KnightedAnt the Corrupter of Planes (level 19, -13/155 HPs)
             Began as a Formicid Abyssal Knight on Oct 29, 2018.
             Was the Champion of Lugonu.
             Killed from afar by a merfolk aquamancer (22 damage)
             ... with a shard of ice
             ... on level 4 of the Shoals on Oct 30, 2018.
             The game lasted 02:02:46 (48324 turns).

KnightedAnt the Corrupter of Planes (FoAK)         Turns: 48324, Time: 02:02:46

Health: -13/155    AC: 16    Str: 25    XL:     19   Next: 9%
Magic:  0/31       EV: 11    Int: 14    God:    Lugonu [******]
Gold:   2206       SH: 21    Dex: 14    Spells: 18/18 levels left

rFire    . . .     SeeInvis +   E - +4 eveningstar (crush)
rCold    + + .     Gourm    .   U - +0 large shield
rNeg     . . .     Faith    .   u - +0 plate armour {MR+}
rPois    +         Spirit   +   (helmet unavailable)
rElec    +         Reflect  .   m - scarf {Spirit}
rCorr    .         Harm     +   (no gloves)
MR       ++...                  (no boots)
Stlth    ..........             J - amulet "Jumarut" {Harm *Drain Int+2 Dex+4}
HPRegen  0.35/turn              S - ring "Yriorgh" {rElec rPois rC+}
MPRegen  0.22/turn              w - ring of protection from cold

@: very slow
A: permanent stasis, dig shafts and tunnels, four strong arms, antennae 3, no
potion heal 1
}: 1/15 runes: serpentine
a: Dig, Shaft Self, Depart the Abyss, Bend Space, Banish, Corrupt, Enter the
Abyss, Brand Weapon With Distortion, Renounce Religion


You were on level 4 of the Shoals.
You worshipped Lugonu.
Lugonu was exalted by your worship.
You were not hungry.

You visited 5 branches of the dungeon, and saw 31 of its levels.
You visited the Abyss 1 time.
You also visited: Ossuary.

You collected 3522 gold pieces.
You spent 1316 gold pieces at shops.

Inventory:

Hand Weapons
 E - a +4 eveningstar of crushing (weapon)
 I - a +5 dire flail of draining
 L - a +3 battleaxe of draining
Missiles
 D - 5 throwing nets (quivered)
Armour
 m - a scarf of spirit shield (worn)
 u - a +0 plate armour of magic resistance (worn)
 U - a +0 large shield (worn)
 W - a scarf of repulsion
Jewellery
 d - an uncursed ring of see invisible {unknown}
 i - an uncursed ring of protection from fire
 l - a +5 ring of evasion
 t - a +4 ring of evasion
 w - a ring of protection from cold (right hand)
 J - the amulet "Jumarut" (around neck) {Harm *Drain Int+2 Dex+4}
   (You found it on level 6 of the Dungeon)

   [amulet of harm]

   It increases damage dealt and taken.
   It affects your intelligence (+2).
   It affects your dexterity (+4).
   It causes draining when unequipped.
 S - the ring "Yriorgh" (left hand) {rElec rPois rC+}
   (You found it on level 7 of the Dungeon)

   [ring of poison resistance]

   It protects you from cold.
   It insulates you from electricity.
   It protects you from poison.
Wands
 j - a wand of polymorph (23)
 q - a wand of scattershot (12)
 x - a wand of digging (17)
 A - a wand of paralysis (95)
 K - a wand of acid (20)
 T - a wand of disintegration (43)
 V - a wand of iceblast (5)
Scrolls
 b - 6 scrolls of identify
 g - 4 scrolls of magic mapping
 k - a scroll of holy word
 p - 5 scrolls of enchant armour
 r - 5 scrolls of enchant weapon
 v - 10 scrolls of remove curse
 y - 4 scrolls of fear
 F - 8 scrolls of fog
 G - a scroll of summoning
 O - 2 scrolls of silence
 Q - 5 scrolls of amnesia
Potions
 e - 14 potions of curing
 f - 4 potions of lignification
 h - 5 potions of invisibility
 n - 5 potions of might
 o - 5 potions of heal wounds
 z - 4 potions of agility
 B - 4 potions of flight
 C - 2 potions of magic
 H - 5 potions of cancellation
 M - a potion of mutation
 N - 8 potions of brilliance
 P - 2 potions of resistance
 R - 5 potions of ambrosia
Miscellaneous
 s - a phial of floods
 X - a fan of gales
Comestibles
 a - 5 chunks of flesh
 c - 55 rations


   Skills:
 + Level 15.3 Fighting
 * Level 10.4(12.9) Axes
 - Level 12.5(13.8) Maces & Flails
 + Level 15.2 Armour
 - Level 7.0 Dodging
 - Level 15.0 Shields
 + Level 16.2 Invocations
 + Level 3.9 Evocations


You had 18 spell levels left.
You didn't know any spells.
Your spell library contained the following spells:

 Spells                   Type           Power        Failure   Level  Hunger
 Apportation              Tloc           #.....       91%         1    ##.....
 Conjure Flame            Conj/Fire      #.......     99%         3    ####...
 Confuse                  Hex            #.......     99%         3    ####...
 Throw Frost              Conj/Ice       #.....       97%         2    ###....
 Freezing Cloud           Conj/Ice/Air   #.........   100%        6    #######
 Mephitic Cloud           Conj/Pois/Air  #.......     99%         3    ####...
 Ring of Flames           Chrm/Fire      #.........   100%        7    #######
 Summon Small Mammal      Summ           #...         91%         1    ##.....
 Animate Dead             Necr           N/A          100%        4    #####..
 Pain                     Necr           #...         91%         1    ##.....
 Animate Skeleton         Necr           N/A          91%         1    ##.....
 Vampiric Draining        Necr           #.........   99%         3    ####...
 Freeze                   Ice            #...         91%         1    ##.....
 Summon Ice Beast         Ice/Summ       #.......     100%        4    #####..
 Ozocubu's Armour         Chrm/Ice       #.......     99%         3    ####...
 Regeneration             Chrm/Necr      #.........   99%         3    ####...
 Spider Form              Tmut/Pois      #.........   99%         3    ####...
 Blade Hands              Tmut           #.........   100%        5    ######.
 Ice Form                 Ice/Tmut       #.......     100%        4    #####..
 Throw Icicle             Conj/Ice       #.......     100%        4    #####..
 Confusing Touch          Hex            #.....       91%         1    ##.....
 Sticks to Snakes         Tmut           #.......     97%         2    ###....
 Metabolic Englaciation   Hex/Ice        #.........   100%        5    ######.
 Petrify                  Tmut/Erth      #.......     100%        4    #####..
 Beastly Appendage        Tmut           #.....       91%         1    ##.....
 Gell's Gravitas          Tloc           #.........   99%         3    ####...
 Yara's Violent Unravell  Hex/Tmut       #.........   100%        5    ######.
 Poisonous Vapours        Pois/Air       #.....       97%         2    ###....


Dungeon Overview and Level Annotations

Branches:
Dungeon (15/15)            Temple (0/1) D:5            Lair (6/6) D:10
 Shoals (4/4) Lair:3        Snake (4/4) Lair:3        Slime (0/5) Lair:5
    Orc (2/2) D:11            Elf (0/3) Orc:2        Depths (0/5) D:15
 Vaults: D:13-14

Altars:
Cheibriados
Elyvilon
Fedhas
Hepliaklqana
Kikubaaqudgha
Nemelex Xobeh
Okawaru
Trog
Vehumet
Yredelemnul
The Shining One
Beogh

Shops:
D:7 *   D:8 }   D:11 *   D:13 *   D:15 ?   Orc:2 }*[=(   Shoals:1 *
Shoals:3 !   Snake:2 (   Snake:3 =

Annotations:
D:11 corrupted
D:12 2 transporters, AymanAU's ghost, journeyman KoBe
D:13 corrupted
D:14 exclusions: 6 doors and 30 more exclusions
Lair:6 corrupted
Shoals:2 corrupted
Snake:2 corrupted
Snake:4 corrupted, 3 runed doors, exclusion: ice statue
Orc:1 2 runed doors, Orgheeff's ghost, journeyman DsVM
Orc:2 corrupted
Abyss:1 Fannar, Kirke, Nergalle, Urug


Innate Abilities, Weirdness & Mutations

You cannot be hasted, slowed, berserked, paralysed or teleported.
You can dig through walls and to a lower floor.
Your four strong arms can wield two-handed weapons with a shield.
You have a pair of large antennae on your head. (SInv)
Potions are less effective at restoring your health.


Message History

You block the merfolk's attack. You block the merfolk impaler's attack.
The merfolk impaler hits you from afar with a trident!
* * * LOW HITPOINT WARNING * * *
The merfolk aquamancer hits you with a rapier!
* * * LOW HITPOINT WARNING * * *
You block the merfolk's attack. You block the merfolk impaler's attack.
The merfolk impaler hits you but does no damage.
The merfolk closely misses you.
You block the merfolk aquamancer's attack.
The merfolk impaler hits you from afar with a demon trident of flaming!
* * * LOW HITPOINT WARNING * * *
The merfolk impaler burns you.
* * * LOW HITPOINT WARNING * * *
You block the merfolk impaler's attack. The merfolk impaler barely misses you.
You block the merfolk impaler's attack.
The merfolk impaler hits you from afar with a trident!
* * * LOW HITPOINT WARNING * * *
The merfolk aquamancer casts a spell at you.
The shard of ice hits you! You partially resist.
You die...

≈≈≈≈≈≈≈≈≈.....≈# {
≈≈≈≈≈≈≈≈≈≈≈≈≈.≈#
≈≈≈≈≈≈≈≈.≈≈...≈## {
≈≈≈≈≈≈≈≈.......≈##
≈≈≈≈≈≈≈≈...###.≈≈#######
≈≈≈≈≈≈≈≈≈<.###.≈≈≈≈≈≈≈≈≈
≈≈≈≈≈≈≈≈≈≈÷≈≈.≈≈..≈≈≈≈≈≈
≈≈≈≈≈≈≈≈≈≈≈(≈≈≈..≈≈≈≈≈≈≈≈
≈≈≈≈≈≈≈≈≈@≈≈≈≈≈≈≈≈≈≈≈≈≈≈≈≈
≈≈≈≈≈≈≈≈≈m≈≈≈≈≈≈≈≈≈≈≈≈≈≈≈≈
≈≈≈≈≈≈≈≈mmmm≈≈≈≈≈≈≈≈≈≈≈≈≈≈
≈≈≈≈≈≈≈≈≈≈≈≈≈≈≈≈≈≈≈≈≈≈≈≈≈≈
≈≈≈≈≈≈≈≈≈≈≈≈≈≈..≈≈≈≈≈≈≈≈#
≈≈≈≈≈≈≈≈≈≈≈≈≈...≈≈≈≈≈≈≈#
≈≈≈≈≈≈≈≈≈≈≈≈.....≈≈≈≈≈##
≈≈≈≈≈≈≈≈≈≈≈#######≈≈≈≈#
≈≈≈≈≈≈≈≈≈≈##≈≈ ≈≈##≈≈≈#


You could see 3 merfolk impalers, a merfolk aquamancer and a merfolk.

Vanquished Creatures
  Vashnia (Snake:4)
  Rupert (D:12)
  Gastronok (D:8)
  7 nagarajas
  Louise (D:15)
  3 merfolk impalers
  An ettin (Orc:1)
  An ogre mage (D:15)
  10 naga warriors
  An alligator snapping turtle (Shoals:4)
  8 hydras
  13 anacondas
  2 centaur warriors (D:14)
  A merfolk avatar (Shoals:3)
  A merfolk aquamancer (Shoals:3)
  2 catoblepae
  A satyr (Shoals:3)
  8 death yaks
  A two-headed ogre (D:10)
  2 death knights
  Erica (D:8)
  16 naga sharpshooters
  8 shock serpents
  A salamander mystic (Snake:3)
  4 sea snakes
  3 unseen horrors
  4 skeletal warriors
  A flayed ghost (D:15)
  5 naga ritualists
  Pikel (D:3)
  A necromancer (D:15)
  A lindwurm (Lair:5)
  3 deep elf magi
  5 mana vipers
  9 manticores
  2 orc sorcerers
  12 fauns
  11 harpies
  7 salamanders
  5 ugly things
  6 cyclopes
  2 centaur zombies
  7 elephants
  9 merfolk sirens
  A guardian serpent (shapeshifter) (D:13)
  4 guardian serpents
  15 naga magi
  31 black mambas
  5 water nymphs
  2 molten gargoyles (Lair:4)
  5 spiny frogs
  2 rime drakes
  4 kobold demonologists
  7 komodo dragons
  3 freezing wraiths (D:13)
  A guardian mummy (D:15)
  A harpy zombie (D:14)
  10 polar bears
  A hornet (D:12)
  7 trolls
  20 merfolk
  Grinder (D:3)
  9 snapping turtles
  4 blink frogs
  7 dream sheep
  A dream sheep (shapeshifter) (D:10)
  12 hippogriffs
  3 raiju (Lair:6)
  5 slime creatures
  An ice dragon zombie (D:15)
  A meliai zombie (D:14)
  3 wind drakes
  7 redbacks (Snake:3)
  3 shadows
  Sigmund (D:4)
  A spriggan (D:7)
  2 wraiths (D:10)
  5 wyverns
  5 water elementals (Shoals:3)
  37 yaks
  A vampire (D:15)
  5 hogs
  4 humans (D:14)
  Grum (D:8)
  A basilisk (Lair:3)
  A hungry ghost (D:9)
  A redback simulacrum (D:14)
  Menkaure (D:4)
  15 vampire mosquitoes
  7 wargs
  Edmund (D:5)
  An acid dragon (D:12)
  35 nagas
  20 orc warriors
  26 water moccasins
  10 hell hounds (Lair:6)
  9 porcupines
  2 slaves (D:3)
  4 sky beasts
  4 phantoms
  An eye of draining (D:15)
  6 ice beasts
  A tengu (shapeshifter) (D:14)
  11 black bears
  7 necrophages (Lair:3)
  11 ogres
  5 centaurs
  3 boggarts (D:14)
  22 wolves
  8 crocodiles
  4 big kobolds
  16 bullfrogs
  A gnoll sergeant (D:5)
  2 yaktaur skeletons (D:15)
  2 wyvern skeletons
  10 scorpions
  A tengu zombie (D:15)
  6 killer bees (D:9)
  7 wights
  3 electric eels
  3 crimson imps
  2 bullfrog zombies
  8 howler monkeys
  2 quasits
  5 lava snakes (Lair:4)
  2 bullfrog skeletons
  3 hounds
  3 centaur skeletons
  25 orc priests
  3 gnoll shamans (D:5)
  8 jellies
  14 worker ants
  5 iguanas
  25 orc wizards
  A bullfrog simulacrum (D:8)
  A hound zombie (D:10)
  A hound skeleton (D:7)
  13 mummies (Ossuary)
  A killer bee simulacrum (D:8)
  A worker ant zombie (D:6)
  Robin (D:4)
  46 gnolls
  A howler monkey zombie (D:5)
  14 adders
  A river rat (D:5)
  6 shadow imps
  3 white imps (D:8)
  A worker ant simulacrum (D:8)
  An ufetubus (D:8)
  2 oozes (Lair:5)
  An adder skeleton (D:4)
  5 worms
  2 adder simulacra (D:8)
  6 leopard geckos
  92 orcs
  5 ball pythons
  14 bats
  5 giant cockroaches
  13 hobgoblins
  19 jackals
  23 kobolds
  5 quokkas
  4 frilled lizards
  4 gnoll skeletons (Ossuary)
  13 goblins
  A goblin skeleton (Ossuary)
  A jackal simulacrum (D:8)
  A kobold skeleton (Ossuary)
  2 orc skeletons (Ossuary)
  4 rats
  11 rat skeletons (Ossuary)
  A plant (Lair:6)
1127 creatures vanquished.

Vanquished Creatures (others)
  2 nagarajas (Snake:4)
  An orc warlord (Orc:2)
  2 entropy weavers (Lair:6)
  A merfolk impaler (Shoals:3)
  A yaktaur captain (D:13)
  Erolcha (Orc:2)
  A hydra (Lair:5)
  4 naga warriors
  A merfolk avatar (Shoals:2)
  A centaur warrior (D:13)
  2 merfolk aquamancers (Shoals:2)
  An anaconda (Snake:2)
  A death knight (D:13)
  A queen ant (Lair:6)
  2 naga sharpshooters (Snake:2)
  4 orc high priests (Orc:2)
  A shock serpent (Snake:4)
  5 skeletal warriors (D:11)
  A wizard (D:13)
  An unseen horror (D:11)
  A salamander mystic (Snake:4)
  3 naga ritualists (Snake:4)
  A harpy (Shoals:2)
  4 orc knights (Orc:2)
  A mana viper (Snake:2)
  2 orc sorcerers (Orc:2)
  3 elephants (Lair:6)
  3 manticores
  2 water nymphs (Shoals:2)
  2 guardian serpents
  7 black mambas
  4 naga magi
  A gargoyle (D:11)
  An efreet (D:13)
  A yaktaur (D:13)
  A freezing wraith (D:13)
  A wind drake (Shoals:2)
  2 trolls (Orc:2)
  A merfolk (Shoals:2)
  A snapping turtle (Shoals:3)
  6 water elementals (Shoals:2)
  22 nagas
  20 soldier ants (Lair:6)
  2 hell hounds (Lair:6)
  A warg (Lair:6)
  An acid dragon (D:11)
  A water moccasin (Lair:6)
  20 orc warriors
  A phantom (D:11)
  2 black bears (Lair:6)
  4 wolves (Lair:6)
  6 centaurs
  A crocodile (Lair:6)
  A bullfrog (D:11)
  A scorpion (D:11)
  A wight (D:11)
  2 howler monkeys
  A crimson imp (D:11)
  A centaur zombie (D:11)
  A bullfrog zombie (D:11)
  5 orc priests
  A hound (shapeshifter) (Lair:6)
  A centaur skeleton (D:11)
  8 orc wizards
  An iguana (shapeshifter) (D:13)
  24 worker ants (Lair:6)
  A hound skeleton (D:11)
  21 orcs
  A goblin (D:3)
  A rat (D:3)
  A bush (Lair:4)
  19 fungi
  18 plants
  24 starspawn tentacles
  8 tentacles
305 creatures vanquished.

Grand Total: 1432 creatures vanquished

Notes
Turn   | Place    | Note
-------+----------+-------------------------------------------
     0 | Abyss:1  | KnightedAnt the Formicid Abyssal Knight began the quest for the Orb.
     0 | Abyss:1  | Reached XP level 1. HP: 18/18 MP: 2/2
    37 | Abyss:2  | Got a faintly glowing robe
    48 | Abyss:2  | Noticed a small abomination
    66 | Abyss:2  | Noticed a large abomination
    67 | D:1      | Escaped the Abyss
    81 | D:1      | Identified the +1 robe "Amoatz" {Regen+ MP+9 Int+2} (You found it on level 2 of the Abyss)
   163 | D:1      | Reached skill level 1 in Dodging
   252 | D:1      | Reached XP level 2. HP: 24/24 MP: 3/3
   318 | D:1      | Reached * piety under Lugonu
   529 | D:1      | Found an iron altar of Okawaru.
   935 | D:2      | Reached XP level 3. HP: 9/29 MP: 4/4
  1034 | D:2      | Reached XP level 4. HP: 30/37 MP: 6/6
  1645 | D:3      | Reached skill level 3 in Invocations
  1659 | D:2      | Reached XP level 5. HP: 29/42 MP: 7/7
  1778 | D:3      | Found a glowing golden altar of the Shining One.
  1788 | D:3      | Noticed Grinder
  1931 | D:2      | Reached ** piety under Lugonu
  1965 | D:3      | Killed Grinder
  1965 | D:3      | Reached XP level 6. HP: 42/49 MP: 8/8
  2450 | D:3      | Noticed a phantom
  2474 | D:3      | Killed a phantom
  2474 | D:3      | Reached XP level 7. HP: 51/55 MP: 9/9
  2519 | D:3      | Found a basalt altar of Yredelemnul.
  2521 | D:3      | Noticed a profane servitor
  2583 | D:3      | Reached skill level 4 in Invocations
  2832 | D:4      | Noticed Sigmund
  2852 | D:4      | Killed Sigmund
  2892 | D:4      | Found a radiant altar of Vehumet.
  2913 | D:4      | Reached XP level 8. HP: 55/61 MP: 11/11
  2924 | D:4      | Noticed Menkaure
  2948 | D:4      | Noticed Pikel
  2952 | D:3      | HP: 1/61 [slave[Pikel] (5)]
  3149 | D:3      | Killed Pikel
  3149 | D:3      | Reached skill level 5 in Fighting
  3149 | D:3      | Reached skill level 5 in Armour
  3149 | D:3      | Reached skill level 5 in Dodging
  3149 | D:3      | Reached skill level 5 in Invocations
  3252 | D:4      | Killed Menkaure
  3362 | D:4      | Reached XP level 9. HP: 49/68 MP: 13/13
  3602 | D:4      | Noticed Robin
  3613 | D:4      | Killed Robin
  3629 | D:4      | Reached *** piety under Lugonu
  3669 | D:4      | Found a hazy altar of Hepliaklqana.
  3752 | D:5      | Entered Level 5 of the Dungeon
  4253 | D:5      | Reached skill level 5 in Maces & Flails
  4450 | D:5      | Reached skill level 6 in Invocations
  4495 | D:5      | Found a staircase to the Ecumenical Temple.
  4646 | D:5      | Reached **** piety under Lugonu
  5277 | D:5      | Reached ***** piety under Lugonu
  5328 | D:5      | Noticed Edmund
  5346 | D:5      | Killed Edmund
  5754 | D:5      | Reached XP level 10. HP: 77/77 MP: 14/14
  5783 | D:6      | Got a scorched graven amulet
  5878 | D:6      | Found a sand-covered staircase.
  5896 | Ossuary  | Entered an ossuary
  6211 | Ossuary  | Reached skill level 1 in Shields
  6513 | D:6      | Reached skill level 7 in Invocations
  7103 | D:7      | Identified the amulet "Jumarut" {Harm *Drain Int+2 Dex+4} (You found it on level 6 of the Dungeon)
  7326 | D:7      | Found Namom's Elemental Accessories.
  7465 | D:7      | Found a bloodstained altar of Trog.
  7549 | D:7      | Got a slimy tin ring
  7874 | D:7      | Identified the ring "Yriorgh" {rElec rPois rC+} (You found it on level 7 of the Dungeon)
  7959 | D:8      | Noticed Gastronok
  7973 | D:8      | Killed Gastronok
  7973 | D:8      | Reached skill level 8 in Invocations
  7973 | D:8      | Reached XP level 11. HP: 58/86 MP: 17/17
  8029 | D:8      | Reached ****** piety under Lugonu
  8312 | D:8      | Reached skill level 5 in Shields
  8359 | D:8      | Found Taboduff's Gadget Boutique.
  8390 | D:8      | Found a sparkling altar of Nemelex Xobeh.
  8392 | D:8      | Noticed Grum
  8399 | D:8      | Killed Grum
  8432 | D:8      | Noticed Erica
  8527 | D:8      | Killed Erica
  9260 | D:9      | Reached skill level 9 in Invocations
  9500 | D:9      | Found a white marble altar of Elyvilon.
  9574 | D:9      | Found an ancient bone altar of Kikubaaqudgha.
  9813 | D:10     | Entered Level 10 of the Dungeon
 10423 | D:10     | Found a staircase to the Lair.
 10439 | D:10     | Noticed an unseen horror
 10502 | D:10     | Reached XP level 12. HP: 71/95 MP: 19/19
 10606 | D:10     | Killed an unseen horror
 10938 | D:11     | Found a snail-covered altar of Cheibriados.
 10938 | D:11     | Noticed a skeletal warrior
 10938 | D:11     | Noticed a two-headed ogre
 11069 | D:11     | Noticed a skeletal warrior
 11069 | D:11     | Noticed a skeletal warrior
 11108 | Lair:1   | Entered Level 1 of the Lair of Beasts
 11162 | D:10     | Reached skill level 10 in Invocations
 11519 | Lair:1   | Noticed a five-headed hydra
 11526 | Lair:1   | Killed a five-headed hydra
 11829 | Lair:1   | Noticed Urug
 11837 | Lair:1   | Banished Urug
 12451 | Lair:1   | Noticed a four-headed hydra
 12457 | Lair:1   | Killed a four-headed hydra
 12457 | Lair:1   | Reached skill level 10 in Fighting
 12565 | Lair:1   | Found a blossoming altar of Fedhas.
 12939 | Lair:1   | Reached skill level 10 in Armour
 13089 | Lair:2   | Reached XP level 13. HP: 66/103 MP: 21/21
 13266 | Lair:2   | Noticed Nergalle
 13273 | Lair:2   | Banished Nergalle
 13421 | Lair:2   | Reached skill level 11 in Invocations
 13816 | Lair:3   | Noticed a five-headed hydra
 13830 | Lair:3   | Killed a five-headed hydra
 14170 | Lair:3   | Found a staircase to the Snake Pit.
 14586 | Lair:3   | Found a staircase to the Shoals.
 14642 | Lair:3   | Noticed Fannar
 14654 | Lair:3   | Banished Fannar
 14792 | Lair:3   | Reached skill level 10 in Maces & Flails
 15926 | Lair:4   | Reached skill level 10 in Shields
 16751 | Lair:3   | Reached XP level 14. HP: 55/111 MP: 22/22
 16960 | Lair:3   | Reached skill level 12 in Invocations
 16984 | Lair:3   | HP: 2/111 [death yak (25)]
 17498 | Lair:5   | Noticed Kirke
 17646 | Lair:5   | Banished Kirke
 17680 | Lair:5   | Found a staircase to the Slime Pits.
 20099 | Lair:6   | Entered Level 6 of the Lair of Beasts
 20228 | Lair:6   | Noticed an entropy weaver
 20229 | Lair:6   | Corrupted Lair:6
 20229 | Lair:6   | Noticed a starcursed mass
 20229 | Lair:6   | Noticed a starcursed mass
 20229 | Lair:6   | Noticed a lich
 20248 | Lair:6   | Killed an entropy weaver
 20251 | Lair:6   | Killed an entropy weaver
 23128 | D:10     | Reached XP level 15. HP: 88/121 MP: 24/24
 23249 | D:10     | Reached skill level 13 in Invocations
 24155 | D:11     | Corrupted D:11
 24155 | D:11     | Noticed a lich
 24185 | D:11     | Noticed a bone dragon
 24188 | D:11     | Noticed a tentacled starspawn
 24432 | D:11     | Found Cayd's Assorted Antiques.
 24634 | D:11     | Found a staircase to the Orcish Mines.
 24636 | D:11     | Found a roughly hewn altar of Beogh.
 24870 | D:12     | Noticed Rupert
 24883 | D:12     | Killed Rupert
 25728 | D:12     | Found a transporter.
 25732 | D:12     | Found the +8 Wrath of Trog {antimagic, *Rage}
 25733 | D:12     | Found a transporter.
 25733 | D:12     | Noticed AymanAU's ghost (journeyman KoBe)
 25843 | D:13     | Found Jamuyn's Changing Room.
 26323 | D:13     | Gained mutation: Potions are less effective at restoring your health. [a neqoxec]
 27189 | D:13     | Corrupted D:13
 27189 | D:13     | Noticed a tentacled starspawn
 27189 | D:13     | Noticed a tentacled starspawn
 27190 | D:13     | Noticed a bone dragon
 27214 | D:13     | Noticed a tentacled monstrosity
 28653 | D:14     | Reached XP level 16. HP: 116/130 MP: 22/26
 28928 | D:15     | Entered Level 15 of the Dungeon
 29011 | D:15     | Found a hazy altar of Hepliaklqana.
 29114 | D:15     | Reached skill level 14 in Invocations
 29115 | D:15     | Found Cititopt's Magic Scroll Shoppe.
 29550 | D:15     | Found a staircase to the Depths.
 29696 | D:15     | Noticed Louise
 29707 | D:15     | Killed Louise
 30248 | Orc:1    | Entered Level 1 of the Orcish Mines
 30407 | Orc:2    | Entered Level 2 of the Orcish Mines
 31049 | Orc:1    | Found a large runed door.
 31114 | Orc:1    | Found a large runed door.
 31124 | Orc:1    | Noticed Orgheeff's ghost (journeyman DsVM)
 31483 | Orc:2    | Found a staircase to the Elven Halls.
 31616 | Orc:2    | Corrupted Orc:2
 31618 | Orc:2    | Noticed an ancient lich
 31682 | Orc:2    | Killed Erolcha
 31761 | Orc:2    | Noticed a deep elf sorcerer
 31839 | Orc:2    | Found Echo's Antique Armour Shop.
 31840 | Orc:2    | Found Hap Owus's Antique Weapon Boutique.
 31844 | Orc:2    | Found Cacom's General Store.
 31844 | Orc:2    | Found Ewuthro's Jewellery Shop.
 31915 | Orc:2    | Found Zoin's Gadget Shop.
 32282 | Orc:2    | Bought an uncursed ring of poison resistance for 200 gold pieces
 32296 | Orc:2    | Bought a bloodstained plate armour for 1036 gold pieces
 32306 | Orc:2    | Identified the cursed +0 plate armour "Qukk" {rElec rPois Int-3} (You bought it in a shop on level 2 of the Orcish Mines)
 32604 | Snake:1  | Entered Level 1 of the Snake Pit
 32641 | Snake:1  | Reached skill level 1 in Axes
 33929 | Snake:2  | Corrupted Snake:2
 33929 | Snake:2  | Noticed a hellephant
 33929 | Snake:2  | Noticed a tentacled starspawn
 33929 | Snake:2  | Noticed a tentacled starspawn
 33929 | Snake:2  | Noticed a bone dragon
 33929 | Snake:2  | Noticed a tentacled starspawn
 33943 | Snake:2  | Noticed a bone dragon
 34473 | Snake:2  | Found Ranuats's Weapon Emporium.
 34859 | Snake:2  | Reached XP level 17. HP: 111/138 MP: 23/28
 36105 | Snake:3  | Reached skill level 5 in Axes
 36806 | Snake:3  | Found Susmy's Jewellery Emporium.
 36829 | Snake:3  | Reached skill level 15 in Invocations
 37485 | Snake:4  | Entered Level 4 of the Snake Pit
 37542 | Snake:4  | Corrupted Snake:4
 37542 | Snake:4  | Noticed a tentacled starspawn
 38533 | Snake:4  | Found a basalt altar of Yredelemnul.
 39942 | Snake:4  | Reached XP level 18. HP: 94/147 MP: 20/29
 40747 | Snake:4  | Noticed Vashnia
 41064 | Snake:4  | Killed Vashnia
 41064 | Snake:4  | Reached skill level 15 in Shields
 41568 | Snake:4  | Got a serpentine rune of Zot
 41645 | Snake:4  | Found a runed gate.
 41645 | Snake:4  | Found a runed gate.
 41645 | Snake:4  | Found a runed gate.
 43019 | Shoals:1 | Entered Level 1 of the Shoals
 43034 | Shoals:1 | Found Loanuz's Assorted Antiques.
 43250 | Shoals:1 | Reached skill level 15 in Fighting
 43439 | Shoals:1 | Reached skill level 1 in Evocations
 44630 | Shoals:2 | Corrupted Shoals:2
 44631 | Shoals:2 | Noticed a bone dragon
 44633 | Shoals:2 | Noticed an Executioner
 44697 | Shoals:2 | Reached skill level 15 in Armour
 44753 | Shoals:2 | Reached skill level 16 in Invocations
 45608 | Shoals:3 | Noticed a kraken
 46288 | Shoals:3 | Found Malut's Distillery.
 46340 | Shoals:3 | Reached skill level 10 in Axes
 46345 | Shoals:3 | Bought a potion of heal wounds for 80 gold pieces
 47281 | Shoals:3 | Reached XP level 19. HP: 59/155 MP: 14/31
 47861 | Shoals:4 | Entered Level 4 of the Shoals
 48324 | Shoals:4 | Killed from afar by a merfolk aquamancer

Skill      XL: |  1  2  3  4  5  6  7  8  9 10 11 12 13 14 15 16 17 18 |
---------------+-------------------------------------------------------+-----
Dodging        | 1 2 3 4 5 6 7 |  7.0
Invocations    | 3 4 5 6 8 9 10 11 12 13 14 15 16 | 16.2
Armour         | 3 4 5 6 7 9 10 11 12 13 14 15 | 15.2
Fighting       | 4 5 6 7 9 10 11 12 13 14 15 | 15.3
Maces & Flails | 3 4 5 6 8 9 10 11 12 | 12.5
Shields        | 4 6 8 10 12 13 14 15 | 15.0
Axes           | 4 7 10 | 10.4
Evocations     | 3 |  3.9

Action                   |  1- 3 |  4- 6 |  7- 9 | 10-12 | 13-15 | 16-18 | 19-21 || total
-------------------------+-------+-------+-------+-------+-------+-------+-------++-------
Melee: Mace              |    57 |   119 |       |       |       |       |       ||   176
       Flail             |       |    38 |   235 |       |       |       |       ||   273
       Whip              |       |       |   399 |       |       |       |       ||   399
       Dire flail        |       |       |    33 |   630 |   743 |   388 |       ||  1794
       Morningstar       |       |       |       |       |   762 |       |       ||   762
       Battleaxe         |       |       |       |       |       |   823 |       ||   823
       Broad axe         |       |       |       |       |       |    37 |       ||    37
       Eveningstar       |       |       |       |       |       |   387 |    81 ||   468
Invok: Depart the Abyss  |     1 |       |       |       |       |       |       ||     1
       Banish            |       |       |       |     1 |    10 |     3 |       ||    14
       Bend Space        |       |       |       |       |     2 |     1 |       ||     3
       Corrupt           |       |       |       |       |     3 |     4 |       ||     7
 Abil: Dig               |       |     3 |     6 |     6 |     9 |    32 |       ||    56
Evoke: Wand              |       |       |       |       |     6 |       |       ||     6
       Phial of floods   |       |       |       |       |       |     1 |       ||     1
  Use: Potion            |       |       |     1 |       |     1 |     5 |       ||     7
       Scroll            |       |       |       |    15 |    15 |     9 |       ||    39
 Stab: Sleeping          |       |       |       |     3 |       |       |       ||     3
       Distracted        |       |       |       |       |       |     1 |       ||     1
  Eat: Chunk             |       |     6 |    13 |    22 |    44 |    33 |     3 ||   121
       Ration            |       |       |       |     1 |     4 |    12 |       ||    17
Armor: Robe              |    17 |    44 |   132 |    27 |       |       |       ||   220
       Ring mail         |       |       |       |    52 |       |       |       ||    52
       Plate armour      |       |       |       |    30 |   492 |   333 |    14 ||   869
Dodge: Dodged            |    36 |   105 |   416 |   311 |   813 |   718 |    25 ||  2424
Block: Shield            |       |       |       |   290 |   959 |    75 |       ||  1324
       Large shield      |       |       |       |       |       |  1713 |   107 ||  1820
